Map: Catalyst LE

Players

SamuraiFunn - Winner!

  • Race: Protoss Protoss
  • Spawn Location: 5:00

A.I. 1 (Elite)

  • Race: Zerg Zerg
  • Spawn Location: 11:00

VOD

Have the link to the VOD?

Description

Time

  • Played on: Nov. 24, 2017, 4:08 p.m.
  • Length: 4:18
Show
View Real Time Build Order
Export as new Build Order

SamuraiFunn Protoss - Winner!

Build Orders:  

Get SALT Encoding   

  12  0:01  Probe  
  13  0:13  Probe  
  14  0:26  Probe  
  15  0:39  Assimilator  
  15  0:42  Pylon  
  15  1:00  Probe  
  15  1:03  Gateway  
  16  1:05  Gateway  
  16  1:13  Probe  
  16  1:18  Gateway  
  17  1:25  Probe  
  18  1:37  Probe  
  19  1:42  Pylon  
  19  1:51  Zealot  
  19  1:53  Zealot  
  23  2:05  Cybernetics Core  
  23  2:06  Zealot  
  25  2:13  Probe  
  26  2:18  Assimilator, Zealot  
  26  2:21  Zealot  
  30  2:37  Pylon  
  30  2:43  Warp Gate (Chrono Boost)  
  30  2:55  Zealot  
  32  3:01  Gateway  
  32  3:03  Pylon  
  28  3:22  Zealot x2  
  28  3:34  Zealot  
  34  4:07  Twilight Council  
Show
View Real Time Build Order
Export as new Build Order

A.I. 1 (Elite) Zerg 

Build Orders: Hatch First 

Get SALT Encoding   

  12  0:00  Drone  
  13  0:12  Overlord  
  13  0:16  Drone  
  14  0:31  Drone x2  
  14  0:34  Drone  
  17  0:56  Hatchery  
  16  0:57  Drone  
  17  1:13  Spawning Pool  
  17  1:15  Drone  
  17  1:19  Extractor  
  17  1:21  Drone  
  17  1:26  Drone  
  17  1:30  Drone  
  19  1:38  Overlord  
  19  1:49  Drone  
  20  2:00  Zergling x2, Queen, Extractor  
  22  2:08  Drone  
  23  2:20  Queen  
  25  2:24  Zergling x2  
  25  2:27  Zergling x2  
  27  2:33  Zergling x2  
  25  2:39  Drone  
  21  2:48  Drone  
  22  2:54  Drone  
  23  2:59  Drone  
  24  3:07  Drone  
  21  3:13  Drone  
  18  3:20  Drone  
  19  3:37  Drone  
  19  3:59  Zergling x2, Drone x3  
  19  4:01  Zergling x2  
Tags
 
Matchup
PvZ
Replay Pack
First 100 games
Spawn Locations
Cross Positions
Add a new tag
Caveats
  • Supply blocks, unpowered buildings, or Contaminate may cause inaccurate times.
  • Supply counts are checked every 10 seconds.